Map: Taito Citadel LE

Players

euskal - Winner!

  • Race: Terran Terran
  • League: Silver
  • Spawn Location: 5:00

HillyBilly

  • Race: Zerg Zerg
  • League: Silver
  • Spawn Location: 11:00

VOD

Have the link to the VOD?

Description

Low APM and Unit production
Be better as ZERG
FOR THE SWARM

Time

  • Played on: Nov. 13, 2025, 4:53 p.m.
  • Length: 18:30
Show
View Real Time Build Order
Export as new Build Order

euskal Terran - Winner!

Build Orders:  

Get SALT Encoding   

  12  0:00  SCV  
  13  0:17  SCV  
  13  0:18  Supply Depot  
  14  0:30  SCV  
  15  0:43  Barracks  
  15  0:44  SCV  
  16  0:51  Refinery  
  16  0:56  SCV  
  17  1:04  Refinery  
  17  1:08  SCV  
  18  1:20  SCV  
  19  1:43  Command Center  
  19  1:44  Barracks Tech Lab  
  19  1:55  SCV  
  20  2:02  Supply Depot  
  20  2:13  Marine  
  21  2:21  Factory  
  21  2:27  Bunker  
  21  2:31  SCV  
  22  2:43  SCV  
  23  2:46  Marine  
  24  2:55  SCV  
  25  3:21  SCV x2  
  25  3:24  Factory Tech Lab  
  27  3:29  Starport  
  27  3:33  SCV x2  
  29  3:37  Barracks  
  29  3:45  Marine  
  29  3:47  Siege Tank  
  30  4:12  Marauder  
  31  4:18  Starport Reactor  
  31  4:25  Bunker  
  31  4:35  Barracks Reactor  
  31  4:37  Marine  
  32  4:39  Siege Tank  
  32  4:44  Barracks  
  35  4:50  SCV  
  35  4:51  SCV  
  37  4:54  Marine  
  37  4:55  Factory  
  38  5:03  SCV x2  
  40  5:12  Medivac x2  
  40  5:13  Marine  
  40  5:14  Marine  
  46  5:18  Supply Depot  
  46  5:26  Supply Depot  
  46  5:31  Stimpack  
  46  5:39  SCV x2, Marine x3  
  51  5:48  Liberator  
  54  5:51  SCV  
  54  5:53  Orbital Command  
  54  5:56  Factory Tech Lab  
  55  5:59  Siege Tank  
  55  6:01  Barracks Reactor  
  55  6:04  SCV  
  59  6:17  Marine  
  59  6:18  Marine x2  
  62  6:40  Barracks  
  62  6:57  SCV  
  54  7:19  Bunker  
  54  7:21  Supply Depot  
  54  7:42  Liberator, Medivac, Marine x3  
  62  7:44  Supply Depot  
  62  7:47  Supply Depot x2  
  62  7:50  Supply Depot  
  62  7:56  Refinery  
  62  7:59  Refinery  
  62  8:05  Marine x2  
  62  8:06  Siege Tank, SCV, Marine x2  
  62  8:08  Siege Tank, SCV, Marine  
  75  8:18  SCV  
  76  8:20  SCV  
  76  8:23  Marine x4  
  76  8:26  Marine  
  82  8:30  SCV  
  82  8:33  SCV  
  84  8:41  Marine  
  84  8:42  SCV  
  86  8:59  Starport  
  86  9:01  Starport  
  86  9:08  Engineering Bay  
  86  9:14  Engineering Bay  
  86  9:31  Armory  
  86  9:32  Bunker  
  86  9:36  Terran Infantry Weapons Level 1  
  86  9:39  Terran Infantry Armor Level 1  
  86  9:44  Starport Tech Lab  
  86  9:46  Starport Reactor  
  86  9:56  Supply Depot  
  86  9:57  Supply Depot  
  86  10:00  Supply Depot x2  
  86  10:02  Combat Shield  
  86  10:12  Supply Depot  
  86  10:17  Marine x6  
  86  10:18  SCV x2  
  86  10:19  Terran Vehicle Weapons Level 1, Viking x2  
  98  10:27  Armory  
  98  10:30  SCV x2  
  98  10:35  Marine x3  
  100  10:36  Banshee  
  100  10:38  Cloaking Field  
  100  10:41  Viking x2  
  110  10:44  Marine  
  110  10:45  Marine x2  
  110  10:49  Viking x2  
  117  10:53  Marine x2  
  117  10:54  Barracks Reactor  
  119  11:02  Marine  
  120  11:11  Viking x2  
  124  11:24  Marine x2  
  126  11:33  Barracks  
  126  11:35  Barracks  
  126  11:36  Barracks  
  126  11:39  Barracks  
  126  11:47  Marine x3  
  126  11:51  Marine x2  
  125  12:04  Marine  
  126  12:24  Supply Depot  
  126  12:27  Supply Depot  
  126  12:29  Supply Depot  
  126  12:30  Supply Depot  
  126  12:32  Supply Depot  
  126  12:45  Marine x4  
  126  12:46  Marine x2  
  132  13:03  Marine x5  
  137  13:14  Siege Tank x2  
  137  13:16  Barracks Reactor x4  
  137  13:17  Marine  
  137  13:18  Marine  
  145  13:21  Marine x5  
  150  13:35  Marine  
  150  13:39  Marine  
  150  13:40  Command Center  
  152  14:25  Terran Ship Weapons Level 1  
  152  14:26  Terran Vehicle And Ship Armor Level 1  
  152  14:27  Terran Infantry Weapons Level 2  
  152  14:28  Terran Infantry Armor Level 2  
  150  15:04  Viking, Medivac  
  150  15:05  Viking x3  
  152  15:34  Viking x2  
  152  15:35  Viking x3  
  156  15:37  Marine x7  
  156  15:38  Marine x8  
  171  15:54  Missile Turret  
  171  15:55  Marine x3  
  174  16:04  Viking x2  
  174  16:05  Viking  
  180  16:52  Viking  
  180  17:29  Viking  
  180  17:33  Viking  
  180  17:38  Viking  
  180  17:39  Viking  
  172  17:44  Viking  
  172  17:46  Marine  
  172  17:47  Marine x6  
  181  17:54  Supply Depot  
  181  18:07  Supply Depot  
  181  18:08  SCV, Marine  
  181  18:10  Marine x2  
  174  18:12  Supply Depot  
  174  18:16  SCV  
Show
View Real Time Build Order
Export as new Build Order

HillyBilly Zerg 

Build Orders: Hatch First 

Get SALT Encoding   

  12  0:11  Drone  
  12  0:12  Overlord  
  13  0:22  Drone  
  14  0:30  Drone, Extractor  
  16  0:35  Drone  
  16  0:46  Drone  
  17  0:54  Hatchery  
  16  1:03  Drone  
  17  1:08  Drone  
  18  1:24  Extractor  
  17  1:27  Spawning Pool  
  17  1:30  Drone x2  
  18  1:48  Drone  
  18  1:54  Overlord  
  19  2:11  Drone  
  19  2:14  Queen  
  22  2:16  Queen  
  22  2:18  Zergling x4  
  26  2:35  Zergling x4  
  28  2:48  Drone  
  28  2:51  Drone x3  
  32  3:05  Queen  
  34  3:21  Overlord  
  34  3:29  Hatchery  
  34  3:30  Metabolic Boost  
  31  3:54  Zergling x12  
  36  4:13  Overlord  
  35  4:34  Drone x4  
  35  4:38  Lair  
  39  4:39  Zergling x6  
  40  4:55  Drone  
  40  4:56  Baneling Nest  
  40  5:13  Drone x3  
  43  5:17  Drone x5  
  43  5:20  Overlord x2  
  43  5:21  Overlord  
  48  5:47  Queen  
  48  5:48  Drone  
  48  5:49  Drone x2  
  53  5:52  Baneling  
  53  5:53  Baneling x13  
  53  5:55  Hatchery  
  52  5:58  Zergling x2  
  52  5:59  Zergling x10  
  58  6:08  Extractor  
  58  6:09  Drone  
  58  6:10  Drone x6, Extractor  
  63  6:14  Drone x2  
  65  6:35  Zergling x10  
  65  6:36  Zergling x2  
  71  6:40  Extractor  
  57  7:04  Spore Crawler  
  57  7:07  Queen  
  58  7:09  Queen, Spore Crawler  
  58  7:10  Queen  
  58  7:13  Spore Crawler  
  58  7:15  Drone x6  
  66  7:18  Zergling x2  
  66  7:19  Zergling x12  
  73  7:24  Zergling x12  
  79  7:42  Drone  
  79  7:43  Overlord  
  80  8:01  Queen x3  
  86  8:06  Evolution Chamber  
  86  8:07  Evolution Chamber  
  80  8:37  Queen x2  
  69  8:48  Zerg Melee Weapons Level 1  
  69  8:49  Zerg Ground Armor Level 1  
  69  8:52  Zergling x2  
  69  8:53  Zergling x14  
  69  8:55  Spine Crawler, Drone  
  76  8:56  Drone x9  
  86  9:34  Overlord x3  
  86  9:43  Spire  
  85  9:48  Spire  
  85  9:50  Infestation Pit  
  83  10:02  Hatchery  
  83  10:04  Hatchery  
  81  10:30  Spine Crawler  
  80  10:36  Spore Crawler  
  80  10:39  Queen  
  80  10:40  Spore Crawler  
  80  10:41  Drone x3  
  83  11:08  Zerg Melee Weapons Level 2  
  83  11:09  Zerg Ground Armor Level 2  
  83  11:11  Zergling x12  
  84  11:13  Zergling x4  
  84  11:14  Zergling x8  
  84  11:18  Zergling x12  
  96  11:19  Zergling x4  
  96  11:21  Infestor  
  96  11:22  Infestor x3  
  111  11:27  Extractor  
  111  11:30  Extractor  
  109  11:34  Extractor  
  109  11:35  Extractor  
  107  12:07  Drone x2  
  109  12:09  Drone x3  
  112  12:32  Corruptor x6  
  124  12:39  Overlord  
  124  12:40  Overlord x5  
  122  13:10  Hive  
  122  13:11  Drone  
  123  13:30  Spine Crawler  
  121  13:39  Overseer  
  109  13:52  Baneling x6  
  109  13:53  Baneling x8  
  109  14:29  Hatchery  
  108  14:38  Hatchery  
  103  14:48  Extractor  
  103  14:51  Mutalisk x8  
  103  14:52  Mutalisk  
  117  14:53  Mutalisk x9  
  130  15:03  Mutalisk  
  130  15:04  Mutalisk x4  
  127  15:10  Zergling x2  
  127  15:11  Zergling x10  
  120  15:40  Zerg Melee Weapons Level 3  
  120  15:56  Zergling x2  
  121  15:57  Zergling x10  
  121  16:00  Zergling x2  
  121  16:01  Zergling x4  
  130  16:04  Zergling x10  
  130  16:05  Zergling x2  
  129  16:43  Ultralisk Cavern  
  128  17:00  Zergling x10  
  128  17:01  Zergling x2, Mutalisk  
  134  17:02  Mutalisk x5  
  134  17:04  Corruptor  
  134  17:05  Corruptor  
  134  17:07  Zergling x2  
  134  17:08  Zergling x6  
  154  17:09  Zergling x2  
  154  17:10  Zergling x10  
  157  17:19  Mutalisk  
  157  17:21  Zergling x4  
  157  17:22  Zergling x2  
  151  17:46  Overlord x3  
Tags
 
Add a new tag
Caveats
  • Supply blocks, unpowered buildings, or Contaminate may cause inaccurate times.
  • Supply counts are checked every 10 seconds.